 Dungeon Crawl Stone Soup version 0.24.0-13-gcf9b3192b9 (console) character file.

Game seed: 3007557372888199379, levelgen mode: deterministic

121 AlterAsc the Changer (level 5, -1/33 HPs)
             Began as an Octopode Transmuter on Nov 8, 2019.
             Slain by a centaur zombie (7 damage)
             ... on level 2 of the Dungeon.
             The game lasted 00:11:11 (2611 turns).

AlterAsc the Changer (Octopode Transmuter)          Turns: 2611, Time: 00:11:12

Health: -1/33      AC:  2    Str: 11      XL:     5   Next: 5%
Magic:  1/9        EV: 19    Int: 14 (15) God:
Gold:   101        SH:  0    Dex: 15 (17) Spells: 4/10 levels left

rFire    . . .     SeeInvis .     - Unarmed
rCold    . . .     Gourm    .   (shield currently unavailable)
rNeg     . . .     Faith    .   (helmet currently unavailable)
rPois    x         Spirit   .   (no amulet)
rElec    .         Reflect  .   (no ring)
rCorr    .         Harm     .   (no ring)
MR       .....                  (no ring)
Stlth    +.........             (no ring)
HPRegen  0.11/turn              (no ring)
MPRegen  0.11/turn              (no ring)
                                (no ring)
                                (no ring)

@: spider-form, very slightly contaminated
A: tiny, almost no armour, stealthy swim, (amphibious), 8 rings, (constrict 8)
a: End Transformation


You were on level 2 of the Dungeon.
You were not hungry.
You were a venomous arachnid creature.
You visited 1 branch of the dungeon, and saw 2 of its levels.

You collected 101 gold pieces.

Inventory:

Missiles
 a - 39 arrows
 h - 5 javelins (quivered)
Wands
 m - a wand of disintegration (12)
Scrolls
 b - a scroll of random uselessness {unknown}
 d - 3 scrolls of identify {unknown}
 e - 2 scrolls of noise {unknown}
 g - a scroll of amnesia {unknown}
 i - a scroll of enchant armour {unknown}
 n - a scroll of blinking {unknown}
Potions
 j - a potion of flight {unknown}
 k - a potion of curing {unknown}
 l - a potion of berserk rage {unknown}
Comestibles
 c - 3 rations


   Skills:
 - Level 1.1 Fighting
 - Level 2.1 Dodging
 - Level 3.0 Unarmed Combat
 + Level 3.0 Spellcasting
 * Level 4.1 Transmutations


You had 4 spell levels left.
You knew the following spells:

 Your Spells              Type           Power        Failure   Level  Hunger
a - Beastly Appendage     Tmut           ##....       12%         1    #......
b - Sticks to Snakes      Tmut           ##......     17%         2    ##.....
c - Spider Form           Tmut/Pois      #.........   47%         3    ###....

Your spell library contained the following spells:

 Spells                   Type           Power        Failure   Level  Hunger
 Ice Form                 Ice/Tmut       #.......     83%         4    #####..
 Blade Hands              Tmut           ##........   87%         5    ######.


Dungeon Overview and Level Annotations

Branches:
Dungeon (2/15)

Altars:
Gozag
Trog

Annotations:
D:2 Terence


Innate Abilities, Weirdness & Mutations

You cannot wear most types of armour.
You are very stealthy in the water. (Stealth+)
((You are amphibious.))
You can wear up to eight rings at the same time.
((You can use your tentacles to constrict eight enemies at once.))
((Your skin changes colour to match your surroundings (Stealth+).))
((Your rubbery body absorbs attacks. (AC +1, EV +1)))


Message History

You are very lightly contaminated with residual magic.
You smell something strange.
The centaur zombie hits your ball python.
Your ball python barely misses the centaur zombie.
The centaur zombie hits your ball python.
Your ball python dies!
Casting: Spider Form (safe; 26% risk of failure)
Confirm with . or Enter, or press ? or * to list all spells.
You turn into a venomous arachnid creature.
You hit the centaur zombie but do no damage.
The centaur zombie is moderately damaged.
The centaur zombie hits you.
* * * LOW HITPOINT WARNING * * *
You hit the centaur zombie.
The centaur zombie is heavily damaged.
The centaur zombie closely misses you.
You hit the centaur zombie.
The centaur zombie is heavily damaged.
The centaur zombie hits you!
You die...

.... ..###...... $.. #
#...... ... #. #......
.. #..##.....> #.
..#....##... #.##
#.####..##.# #..# #.#
#.....# #####Z#####.#
#.###.#
#....s....#.####.# #..
#.##..........##)# #..
#...........#.)..###..
####.....##..##(..##..
########....(..(.<#
##.##........
##............ .
##...##....##.. ....
##..#.##.#...##.


You could see a centaur zombie.

Vanquished Creatures
  A hound (D:2)
  A gnoll (D:1)
  2 adders
  A dart slug (D:2)
  3 leopard geckos
  2 ball pythons
  4 giant cockroaches
  6 goblins (D:1)
  6 hobgoblins
  8 jackals
  6 kobolds
  A quokka (D:1)
  9 bats
  3 frilled lizards
  8 rats
61 creatures vanquished.

Notes
Turn   | Place    | Note
-------+----------+-------------------------------------------
     0 | D:1      | AlterAsc the Octopode Transmuter began the quest for the
                  | Orb.
     0 | D:1      | Reached XP level 1. HP: 13/13 MP: 3/3
     6 | D:1      | Noticed a wyvern
     6 | D:1      | Noticed a hog
     6 | D:1      | Noticed a polar bear
    10 | D:1      | Noticed a worker ant
    10 | D:1      | Noticed a crocodile
   332 | D:1      | Reached XP level 2. HP: 16/18 MP: 5/5
   342 | D:1      | Learned a level 2 spell: Sticks to Snakes
   861 | D:1      | Reached XP level 3. HP: 5/23 MP: 4/6
  1189 | D:1      | Reached skill level 3 in Transmutations
  1627 | D:2      | Learned a level 3 spell: Spider Form
  1732 | D:2      | Found a bloodstained altar of Trog.
  1754 | D:2      | Reached XP level 4. HP: 20/28 MP: 6/8
  2086 | D:2      | Found an opulent altar of Gozag.
  2112 | D:2      | Noticed Terence
  2235 | D:1      | Reached skill level 4 in Transmutations
  2346 | D:2      | Reached XP level 5. HP: 28/33 MP: 9/9
  2611 | D:2      | Slain by a centaur zombie

Levels and vault maps discovered:
D:1:      onia_arrival_zoo_common, layout_loops_ring, minivault_5
D:2:      layout_rooms, nicolae_gozag_cash_rules_everything_around_me,
          bloody_trog, uniq_terence

Skill      XL: |  1  2  3  4 |
---------------+-------------+-----
Transmutations | 3 4 |  4.1
Spellcasting   | 3 |  3.0
Fighting       | |  1.1
Dodging        | |  2.1
Unarmed Combat | |  3.0

Action                   |  1- 3 |  4- 6 || total
-------------------------+-------+-------++-------
Melee: Unarmed           |   102 |    68 ||   170
       Constrict         |    22 |    16 ||    38
       Tentacles         |    13 |     8 ||    21
       Kick              |     3 |       ||     3
       Punch             |       |     2 ||     2
 Cast: Beastly Appendage |     4 |       ||     4
       Sticks to Snakes  |       |     3 ||     3
       Spider Form       |       |     1 ||     1
  Use: Potion            |       |     2 ||     2
 Stab: Sleeping          |     6 |     2 ||     8
       Distracted        |       |     1 ||     1
  Eat: Chunk             |     3 |     3 ||     6
Armor: Skin              |    17 |     3 ||    20
Dodge: Dodged            |    81 |    46 ||   127
